 Dungeon Crawl Stone Soup version bcrawl-1.27.8b (webtiles) character file.

Game seed: 5282564040893293757

99126 MisterOstroum the Skirmisher (level 2, 0/20 HPs)
             Began as a Vine Stalker Wanderer on Oct 29, 2020.
             Succumbed to a kobold's poison
             ... on level 1 of the Dungeon.
             The game lasted 00:01:00 (354 turns).

MisterOstroum the Skirmisher (Vine Stalker Wanderer) Turns: 354, Time: 00:01:00

Health: 0/20       AC:  7    Str: 14    XL:     2   Next: 25%
Magic:  3/3        EV: 25    Int: 12    God:
Gold:   6          SH:  0    Dex: 13    Spells: 1/1 levels left

rFire    . . .     SeeInvis .   a - +2 dagger
rCold    . . .     Gourm    .   (no shield)
rNeg     . . .     Faith    .   c - +0 ring mail
rPois    .         Spirit   .   (no helmet)
rElec    .         Reflect  .   (no cloak)
rCorr    .         Harm     .   i - +1 pair of gloves
MR       .....                  (no boots)
Stlth    +.........             g - amulet of the acrobat
HPRegen  0.46/turn              (no ring)
MPRegen  0.08/turn              (no ring)

@: lethally poisoned (0 -> -4)
A: fangs 2, regeneration 1, no potion heal 3, rot immunity, strong jaws
a: no special abilities


You were on level 1 of the Dungeon.
You were not hungry.

You visited 1 branch of the dungeon, and saw 1 of its levels.

You collected 6 gold pieces.

Inventory:

Hand Weapons
 a - a +2 dagger (weapon)
 d - a +0 shortbow
Missiles
 f - 144 arrows
 k - 48 javelins (quivered)
 n - 157 bolts
Armour
 c - a +0 ring mail (worn)
 i - a +1 pair of gloves (worn)
Jewellery
 g - an amulet of the acrobat (around neck)
Scrolls
 h - a scroll of blinking {unknown}
 j - a scroll of identify {@r1}
 l - a scroll of remove curse {unknown}
Potions
 b - a potion of might {@q3 !q}
Comestibles
 e - a ration {!d}
 m - a chunk of flesh


   Skills:
 + Level 3.7 Fighting
 * Level 0.9 Short Blades
 - Level 1.7 Bows
 - Level 1.5 Armour
 + Level 2.1 Stealth
   Level 1.0 Shields


You had one spell level left.
You didn't know any spells.
Your spell library was empty.

Dungeon Overview and Level Annotations

Branches:
Dungeon (1/12)

Altars:


Innate Abilities, Weirdness & Mutations

You have extremely sharp teeth.
Your natural rate of healing is unusually fast.
Potions cannot restore your health.
You are immune to rotting.
Your bites deal extra damage.


Message History

No target in view!
No target in view!
No target in view!
No target in view!
No target in view!
Things that are here:
a cursed -2 dagger; a kobold corpse A bat comes into view.
A bat is nearby!
A bat is nearby!
The bat hits you but does no damage. The bat closely misses you.
A kobold comes into view.
It is wielding a +0 short sword of venom.
The kobold shouts!
The bat completely misses you. The bat completely misses you.
A giant cockroach comes into view.
The bat closely misses you. The bat completely misses you.
You hit the kobold but do no damage. The kobold hits you but does no damage.
You are poisoned.
The bat barely misses you.
You hit the bat.
The bat is moderately wounded.
You feel sick. The bat completely misses you. The bat misses you.
The kobold barely misses you.
You hit the bat but do no damage.
The bat is moderately wounded.
You feel sick. The bat closely misses you. The bat hits you but does no damage.
The kobold hits you but does no damage.
You are more poisoned.
You hit the bat.
You kill the bat!
You feel sick. The giant cockroach closely misses you.
The kobold hits you with a +0 short sword of venom.
You are lethally poisoned!
You hit the giant cockroach but do no damage.
You feel sick. The giant cockroach bites you.
The kobold hits you but does no damage.
You are too injured to fight recklessly!
You are too injured to fight recklessly!
You are too injured to fight recklessly!
You are too injured to fight recklessly!
You are too injured to fight recklessly!
You are too injured to fight recklessly!
You are too injured to fight recklessly!
You are too injured to fight recklessly!
You are too injured to fight recklessly!
You are too injured to fight recklessly!
You are too injured to fight recklessly!
You are too injured to fight recklessly!
You are too injured to fight recklessly!
You are too injured to fight recklessly!
You are too injured to fight recklessly!
You are too injured to fight recklessly!
You are too injured to fight recklessly!
You are too injured to fight recklessly!
You are too injured to fight recklessly!
You are too injured to fight recklessly!
You are too injured to fight recklessly!
You are too injured to fight recklessly!
You are too injured to fight recklessly!
You are too injured to fight recklessly!
You are too injured to fight recklessly!
You are too injured to fight recklessly!
You are too injured to fight recklessly!
You are too injured to fight recklessly!
You are too injured to fight recklessly!
Unknown command.
Unknown command.
You feel sick. The giant cockroach misses you.
You feel sick. The giant cockroach barely misses you.
The giant cockroach bites you but does no damage.
Okay, then.
You feel sick.
You hit the giant cockroach. Your bite misses the giant cockroach.
The giant cockroach is almost dead.
* * * LOW HITPOINT WARNING * * *
You feel sick.
The giant cockroach bites you but does no damage.
You closely miss the giant cockroach.
The giant cockroach is almost dead.
* * * LOW HITPOINT WARNING * * *
You feel sick. The giant cockroach barely misses you.
* * * LOW HITPOINT WARNING * * *
You feel sick.
* * * LOW HITPOINT WARNING * * *
You feel sick.
* * * LOW HITPOINT WARNING * * *
You feel sick.
* * * LOW HITPOINT WARNING * * *
You feel sick.
You are lethally poisoned (3 -> -3).
Your movement speed is average.
Your attack speed is above average.
You hit the kobold.
You kill the kobold!
* * * LOW HITPOINT WARNING * * *
You feel sick.
The giant cockroach bites you but does no damage.
You die...

#.# #.).# #############
#.#.# ..................
...# #.#.#
..###########....#
#.###.#.# # ###....#
#.)##.#.# .
......######.......# #.
#...............#### .
#.#+##........##...#.#...
.#
#.......s................
.#
###.......@......#.#.#.#...
..
........##+#.#.#.###...####
..
........##.#.............
..
.........#.###.#.###......
.. .......†.#.....#.#
#...##. ..
....#..#....$..#.# #.#.# .#
. ....#..........#.#
.........[...#....
.............#.#.#


You could see a giant cockroach.

Vanquished Creatures
  2 giant cockroaches (D:1)
  A goblin (D:1)
  2 bats (D:1)
  A frilled lizard (D:1)
  3 kobolds (D:1)
  3 rats (D:1)
12 creatures vanquished.

Notes
Turn   | Place    | Note
-------+----------+-------------------------------------------
     0 | D:1      | MisterOstroum the Vine Stalker Wanderer began the quest for
                  | the Orb.
     0 | D:1      | MisterOstroum set off with the following items: a +2
                  | dagger, a potion of might {@q3 !q}, a +0 ring mail, a +0
                  | shortbow, a ration {!d}, 146 arrows
     0 | D:1      | Reached XP level 1. HP: 14/14 MP: 2/2
   271 | D:1      | Reached XP level 2. HP: 20/20 MP: 3/3
   354 | D:1      | Succumbed to a kobold's poison

Skill      XL: |  1 |
---------------+----+-----
Stealth        | 2 |  2.1
Fighting       | |  3.7
Short Blades   | |  0.9
Bows           | |  1.7
Armour         | |  1.5
Shields        | |  1.0

Action                   || total
-------------------------++-------
Melee: Dagger            ||    27
 Fire: Shortbow          ||     2
 Stab: Sleeping          ||     1
Armor: Ring mail         ||    11
Dodge: Dodged            ||    27
